 Dungeon Crawl Stone Soup version 0.17-a0-1504-gb7d9117 (webtiles) character file.

183 Promi the Stinger (level 5, 0/28 HPs)
             Began as a Deep Elf Venom Mage on July 9, 2015.
             Slain by a river rat (7 damage)
             ... in a sewer.
             The game lasted 00:15:55 (2130 turns).

Promi the Stinger (Deep Elf Venom Mage)             Turns: 2130, Time: 00:15:55

Health: 0/28       AC:  3    Str:  5    XL:     5   Next: 35%
Magic:  7/14       EV: 13    Int: 21    God:
Gold:   144        SH:  0    Dex: 15    Spells: 3 memorised, 7 levels left

rFire  . . .     SeeInvis .     r - +3 dagger (venom)
rCold  . . .     Clarity  .     a - +0 robe
rNeg   . . .     SustAt   .     (no shield)
rPois  .         Gourm    .     (no helmet)
rElec  .         Spirit   .     t - +0 cloak
rCorr  .         Warding  .     (no gloves)
rMut   .         Stasis   .     (no boots)
MR     .....                    (no amulet)
Stlth  ++........               (no ring)
                                (no ring)

@: very slightly contaminated, not resistant to hostile enchantments, unstealthy
A: no striking features
a: no special abilities


You were in a sewer.
You were hungry.

You visited 1 branch of the dungeon, and saw 3 of its levels.
You also visited: Sewer.

You collected 144 gold pieces.

Inventory:

Hand weapons
 r - a +3 dagger of venom (weapon)
Armour
 a - a +0 robe (worn)
 t - a +0 cloak (worn)
Magical devices
 o - a wand of polymorph (17)
Scrolls
 d - a scroll of immolation
 i - 2 scrolls of remove curse
 j - a scroll of random uselessness
 s - 2 scrolls of enchant weapon
Potions
 f - 3 potions of might
 k - a potion of lignification {unknown}
 l - 2 potions of brilliance {unknown}
 n - a potion of curing {unknown}
 p - 2 potions of magic {unknown}
 u - a potion of berserk rage {unknown}
Books
 b - a Young Poisoner's Handbook

   Spells                             Type                      Level
   a - Sting                          Conjuration/Poison           1
   b - Cure Poison                    Poison                       2
   c - Mephitic Cloud                 Conjuration/Poison/Air       3
   d - Olgreb's Toxic Radiance        Poison                       4
   e - Venom Bolt                     Conjuration/Poison           5
Comestibles
 c - 2 bread rations
 g - 8 chunks of flesh


   Skills:
 + Level 2.7 Dodging
 + Level 2.7 Stealth
 + Level 4.6 Spellcasting
 + Level 2.4 Conjurations
 + Level 5.8 Poison Magic


You had 7 spell levels left.
You knew the following spells:

 Your Spells              Type           Power        Failure   Level  Hunger
a - Sting                 Conj/Pois      ###.         1%          1    None
b - Cure Poison           Pois           ####......   1%          2    #......
c - Mephitic Cloud        Conj/Pois/Air  ###.....     14%         3    ##.....


Dungeon Overview and Level Annotations

Branches:
Dungeon (3/15)

Altars:
Kikubaaqudgha
Qazlal
The Shining One

Annotations:
D:2 exclusion: Jessica


Message History

Casting: Sting
Confirm with . or Enter, or press ? or * to list all spells.
You don't know that spell.
The river rat bites you.
Casting: Sting
Confirm with . or Enter, or press ? or * to list all spells.
You don't know that spell.
The river rat bites you.
* * * LOW HITPOINT WARNING * * *
The rat twitches its whiskers.
The river rat closely misses you.
Casting: Sting
Confirm with . or Enter, or press ? or * to list all spells.
Aiming: Sting
Press: ? - help, Shift-Dir - straight line, f/p - river rat
Aim: a river rat (severely wounded)
The sting hits the river rat.
The river rat appears unharmed.
The river rat is severely wounded.
The river rat bites you!
You die...

... #r# #r# #.# ##.## #.#.#
########################.########
.≈.≈≈...≈≈≈.≈≈≈.rr.≈≈.≈≈..≈.≈.!≈≈
≈.≈≈..≈≈.≈≈≈≈.≈≈@r≈.≈≈..≈..≈≈.!≈≈
#################################


You could see 2 river rats and a rat.

Vanquished Creatures
  Jessica (D:2)
  Terence (D:3)
  Natasha (D:2)
  3 adders
  A river rat (D:3)
  3 worms (D:2)
  A giant gecko (D:3)
  An orc (D:3)
  9 bats
  2 giant cockroaches
  8 goblins
  10 hobgoblins
  2 jackals (D:1)
  A quokka (D:2)
  2 ball pythons (Sewer)
  3 giant newts
  7 kobolds
  8 rats
64 creatures vanquished.

Notes
Turn   | Place    | Note
--------------------------------------------------------------
     0 | D:1      | Promi the Deep Elf Venom Mage began the quest for the Orb.
     0 | D:1      | Reached XP level 1. HP: 10/10 MP: 6/6
   196 | D:1      | Reached XP level 2. HP: 15/15 MP: 4/8
   203 | D:1      | Learned a level 2 spell: Cure Poison
   545 | D:1      | Reached skill level 5 in Poison Magic
   639 | D:2      | Noticed Jessica
   648 | D:2      | Killed Jessica
   648 | D:2      | Reached skill level 1 in Conjurations
   648 | D:2      | Reached XP level 3. HP: 2/19 MP: 5/10
   993 | D:2      | Learned a level 3 spell: Mephitic Cloud
  1187 | D:2      | Reached XP level 4. HP: 24/24 MP: 8/11
  1352 | D:2      | Noticed Natasha
  1363 | D:2      | Killed Natasha
  1700 | D:3      | Found a stormy altar of Qazlal.
  1815 | D:3      | Found an ancient bone altar of Kikubaaqudgha.
  1815 | D:3      | Found a glowing golden altar of the Shining One.
  1884 | D:3      | Reached XP level 5. HP: 28/28 MP: 8/13
  1901 | D:3      | Noticed Terence
  1918 | D:3      | Killed Terence
  2048 | D:3      | Found a glowing drain.
  2053 | Sewer    | Entered a sewer
  2130 | Sewer    | Slain by a river rat

Vault maps used:
D:1:      dpeg_arrival_tiny_d, hangedman_decor_slide_cut
D:2:      kennysheep_generic_room_4, uniq_jessica, uniq_natasha
D:3:      gammafunk_temple_overflow_wave, old_standard_altar,
          gup_sewer_entry_bowl, first_bread, uniq_terence
Sewer:    sewer_co_cracked_pipes

Action                   |  1- 3 |  4- 6 || total
-------------------------+-------+-------++-------
Melee: Unarmed           |     1 |       ||     1
 Cast: Sting             |    77 |    77 ||   154
  Use: Scroll            |       |     8 ||     8
  Eat: Chunk             |     1 |     2 ||     3
